 Dungeon Crawl Stone Soup version 0.29.0-4-gdea44cf6ec (webtiles) character file.

Game seed: 5782748962248735222

6082 Flugkiller the Cleaver (level 10, -3/93 HPs)
             Began as a Minotaur Fighter on Aug 27, 2022.
             Was an Initiate of Gozag.
             Slain by a hornet (12 damage)
             ... on level 10 of the Dungeon.
             The game lasted 00:05:20 (12108 turns).

Flugkiller the Cleaver (Minotaur Fighter)          Turns: 12108, Time: 00:05:21

Health: -3/93      AC: 16    Str: 23    XL:     10   Next: 58%
Magic:  5/9        EV:  6    Int:  5    God:    Gozag
Gold:   944        SH:  4    Dex: 12    Spells: 9/9 levels left

rFire   . . .      SeeInvis .   k - +0 war axe (freeze)
rCold   . . .      Faith    +   c - +0 buckler
rNeg    . . .      Spirit   .   f - +0 plate armour
rPois   .          Reflect  .   (helmet restricted)
rElec   .          Harm     .   (no cloak)
rCorr   .          Rampage  .   i - +0 pair of gloves {infuse}
Will    .....                   (no boots)
Stlth   ..........              F - amulet of faith
HPRegen 0.25/turn               (no ring)
MPRegen 0.11/turn               (no ring)

@: slowed, very slow
A: horns 2, retaliatory headbutt
a: Renounce Religion, Potion Petition, Call Merchant, Bribe Branch


You were on level 10 of the Dungeon.
You worshipped Gozag.
Gozag was pleased with you.
You visited 2 branches of the dungeon, and saw 11 of its levels.
You also visited: Ossuary.

You collected 1274 gold pieces.
You spent 241 gold pieces at shops.
You paid 89 gold pieces to Gozag.

Inventory:

Hand Weapons
 a - a +1 war axe
 k - a +0 war axe of freezing (weapon)
   (You bought it in a shop on level 1 of the Dungeon)
Missiles
 G - 2 throwing nets (quivered)
Armour
 c - a +0 buckler (worn)
 f - a +0 plate armour (worn)
   (You found it on level 6 of the Dungeon)
 i - a +0 pair of gloves of infusion (worn)
   (You bought it in a shop on level 1 of the Dungeon)
 p - a +1 pair of gloves
   (You found it on level 2 of the Dungeon)
Jewellery
 v - a +4 ring of evasion
   (You found it on level 8 of the Dungeon)
 F - an amulet of faith (around neck)
   (You found it on level 4 of the Dungeon)
Wands
 g - a wand of digging (6)
   (You found it on level 7 of the Dungeon)
 y - a wand of mindburst (13)
   (You found it on level 7 of the Dungeon)
 H - a wand of paralysis (4)
   (You found it on level 9 of the Dungeon)
Scrolls
 e - a scroll of fog
 l - a scroll of magic mapping
 m - a scroll of enchant weapon
 t - 7 scrolls of teleportation
 u - a scroll of vulnerability
 D - a scroll of fear
 E - a scroll of enchant armour
Potions
 b - 2 potions of ambrosia
 d - 2 potions of might
 h - 2 potions of haste
 j - a potion of lignification
 n - a potion of resistance
 o - 3 potions of mutation
 s - 2 potions of cancellation
 w - 3 potions of heal wounds
 x - a potion of attraction
 z - a potion of berserk rage
 A - 2 potions of magic
 B - a potion of invisibility {unknown}
 C - a potion of brilliance {unknown}


   Skills:
 + Level 10.3 Fighting
 * Level 13.6 Axes
 + Level 10.3 Armour
 - Level 3.6 Shields


You had 9 spell levels left.
You didn't know any spells.
Your spell library was empty.

Dungeon Overview and Level Annotations

Branches:
Dungeon (10/15)            Temple (1/1) D:6         Ossuary (visited)
   Lair: D:8-11         Orc: D:9-12

Altars:
Ashenzari
Cheibriados
Dithmenos
Elyvilon
Fedhas
Gozag
Hepliaklqana
Kikubaaqudgha
Makhleb
Nemelex Xobeh
Okawaru
Qazlal
Ru
Sif Muna
Trog
Uskayaw
Vehumet
Wu Jian
Xom
Yredelemnul
Zin
The Shining One

Shops:
D:1 (**[*


Innate Abilities, Weirdness & Mutations

You have a pair of horns on your head.
You reflexively headbutt those who attack you in melee.


Message History

Done exploring.
Done exploring.
No target in view!
As you read the scroll of identify, it crumbles to dust.
o - 3 potions of mutation
As you read the scroll of identify, it crumbles to dust.
p - a potion of resistance;
n - a potion of resistance;
p - a +1 pair of gloves
As you read the scroll of identify, it crumbles to dust.
u - 3 potions of heal wounds;
w - 3 potions of heal wounds
u - a scroll of vulnerability
As you read the scroll of identify, it crumbles to dust.
s - 2 potions of cancellation
As you read the scroll of identify, it crumbles to dust.
A - 2 potions of magic
As you read the scroll of identify, it crumbles to dust.
x - a potion of attraction
As you read the scroll of identify, it crumbles to dust.
z - a potion of berserk rage
Okay, then.
Done exploring.
Done exploring.
Okay, then.
(D) Dungeon (T) Temple
Where to? (Enter - D:9, ? - help)
Items here: )) [[.
There is a stone staircase leading down here.
You climb downwards.
The hornet buzzes angrily.
Found a dagger and 18 gold pieces.
There is a stone staircase leading up here.
A hornet is nearby!
You barely miss the hornet. The hornet barely misses you.
A hornet is nearby!
A hornet is nearby!
A hornet is nearby!
A hornet is nearby!
You miss the hornet. The hornet barely misses you.
You miss the hornet. You headbutt the hornet.
The hornet is lightly wounded.
The hornet stings you.
You are poisoned.
You feel yourself slow down. The hornet stings you!
You feel as though you will be slow longer.
You hit the hornet but do no damage.
The hornet is lightly wounded.
You feel very sick.
The hornet stings you but does no damage.
The hornet stings you.
You are more poisoned.
You suddenly lose the ability to move!
You can move again.
You hit the hornet. You freeze the hornet.
The hornet is moderately wounded.
You feel very sick. The hornet stings you.
You shrug off the repeated paralysis!
You hit the hornet. You freeze the hornet.
You headbutt the hornet, but do no damage.
The hornet is moderately wounded.
You feel very sick.
The hornet stings you but does no damage.
The hornet stings you.
You feel as though you will be slow longer.
You hit the hornet but do no damage.
The hornet is moderately wounded.
You feel very sick.
The hornet stings you but does no damage.
The hornet stings you.
You feel as though you will be slow longer.
You miss the hornet.
The hornet is moderately wounded.
You feel sick. The hornet stings you.
You are more poisoned.
You suddenly lose the ability to move!
The hornet stings you but does no damage.
You feel very sick. The hornet stings you.
You feel as though you will be slow longer.
The hornet stings you.
You are more poisoned.
You feel as though you will be slow longer.
You can move again.
You barely miss the hornet.
The hornet is moderately wounded.
You feel very sick. You block the hornet's attack.
You hit the hornet. You freeze the hornet. Your headbutt misses the hornet.
The hornet is heavily wounded.
You feel very sick. The hornet stings you!
* * * LOW HITPOINT WARNING * * *
You are lethally poisoned!
You feel as though you will be slow longer.
The hornet stings you!
* * * LOW HITPOINT WARNING * * *
You are more poisoned.
You feel as though you will be slow longer.
The hornet stings you but does no damage.
You feel better. The hornet stings you!
You die...
Your body crumbles into a pile of gold.

$........#
.........#
...).....#
.........#
.........#
.........#
......y..#
.......@.#
###..##+##
#


You could see a hornet.

Vanquished Creatures
  A cyclops (D:9)
  Grinder (D:6)
  A shadow (D:9)
  2 wyverns
  5 yaks (D:7)
  A wraith (D:9)
  A steam dragon (D:9)
  Menkaure (D:5)
  A water moccasin (D:7)
  4 black bears
  4 orc warriors
  4 ice beasts
  3 ogres
  A centaur (D:6)
  3 bullfrogs
  A gnoll sergeant (D:9)
  5 wights (D:4)
  12 killer bees
  A howler monkey (D:5)
  3 jellies
  3 human zombies (Ossuary)
  6 orc priests
  A hound (D:7)
  A centaur zombie (Ossuary)
  5 iguanas
  Ijyb (D:3)
  13 orc wizards
  2 mummies (Ossuary)
  8 gnolls
  12 adders
  A river rat (D:5)
  3 shadow imps
  2 white imps
  An ufetubus (D:6)
  2 worms
  4 dart slugs
  27 orcs
  12 ball pythons
  3 endoplasms
  3 giant cockroaches
  8 goblins
  12 hobgoblins
  7 jackals
  8 kobolds
  8 quokkas
  6 bats
  4 frilled lizards
  A goblin zombie (Ossuary)
  11 hobgoblin zombies (Ossuary)
  2 jackal zombies (Ossuary)
  8 kobold zombies (Ossuary)
  8 orc zombies (Ossuary)
  6 rats
  3 rat zombies (Ossuary)
257 creatures vanquished.

Vanquished Creatures (others)
  5 plants (D:5)
5 creatures vanquished.

Grand Total: 262 creatures vanquished

Notes
Turn   | Place    | Note
-------+----------+-------------------------------------------
     0 | D:1      | Flugkiller the Minotaur Fighter began the quest for the
                  | Orb.
     0 | D:1      | Reached XP level 1. HP: 19/19 MP: 0/0
    22 | D:1      | Found Yfotaku's Assorted Antiques.
   179 | D:1      | Found a faded altar of an unknown god.
   217 | D:1      | Reached skill level 3 in Axes
   217 | D:1      | Reached XP level 2. HP: 21/27 MP: 1/1
   583 | D:1      | Found Ishruac's Weapon Shoppe.
   658 | D:1      | Found Buimnio's Assorted Antiques.
   901 | D:1      | Found Heilu's Assorted Antiques.
   912 | D:1      | Reached XP level 3. HP: 28/33 MP: 2/2
  1039 | D:1      | Found Rukkor's Armour Boutique.
  1390 | D:2      | Reached skill level 4 in Axes
  1596 | D:2      | Reached XP level 4. HP: 30/40 MP: 3/3
  2040 | D:3      | Reached XP level 5. HP: 46/47 MP: 4/4
  2050 | D:3      | Found a sparkling altar of Nemelex Xobeh.
  2340 | D:3      | Reached skill level 5 in Axes
  2536 | D:3      | Reached skill level 5 in Armour
  2539 | D:3      | Reached skill level 5 in Fighting
  2559 | D:3      | Reached XP level 6. HP: 34/56 MP: 5/5
  2690 | D:3      | Found a bloodstained altar of Trog.
  2812 | D:3      | Noticed Ijyb
  2823 | D:3      | Killed Ijyb
  3214 | D:4      | Reached skill level 6 in Axes
  3527 | D:4      | Reached XP level 7. HP: 4/55 MP: 6/6
  3528 | D:4      | Reached skill level 7 in Axes
  4269 | D:5      | Entered Level 5 of the Dungeon
  4777 | D:4      | Reached skill level 8 in Axes
  5013 | D:5      | Reached XP level 8. HP: 42/71 MP: 7/7
  5313 | D:5      | Reached skill level 9 in Axes
  5439 | D:5      | Found a blossoming altar of Fedhas.
  5505 | D:5      | Noticed Menkaure
  5509 | D:5      | Killed Menkaure
  5659 | D:5      | Found a sacrificial altar of Ru.
  5865 | D:5      | Found a white marble altar of Elyvilon.
  6176 | D:6      | Noticed Grinder
  6180 | D:6      | Found a staircase to the Ecumenical Temple.
  6194 | D:6      | Paralysed by Grinder for 2 turns
  6199 | D:6      | Killed Grinder
  6210 | Temple   | Entered the Ecumenical Temple
  6498 | Temple   | Became a worshipper of Gozag Ym Sagoz the Greedy
  6540 | D:6      | Reached skill level 10 in Axes
  6900 | D:6      | Reached XP level 9. HP: 74/81 MP: 8/8
  7006 | D:6      | Found an ornate altar of the Wu Jian Council.
  7424 | D:1      | Bought a pair of runed gloves for 142 gold pieces
  7458 | D:1      | Bought a +0 war axe of freezing for 99 gold pieces
  7851 | D:7      | Found a stormy altar of Qazlal.
  7902 | D:7      | Reached skill level 11 in Axes
  8217 | D:7      | Found a sand-covered staircase.
  8224 | Ossuary  | Entered an ossuary
  9046 | D:7      | Reached skill level 12 in Axes
  9659 | D:7      | Reached XP level 10. HP: 79/91 MP: 6/9
  9832 | D:7      | Found a glowing golden altar of the Shining One.
 10016 | D:8      | Found an iron altar of Okawaru.
 10193 | D:8      | Identified the +2 leather armour of Past Mistakes {rPois
                  | Str+4 Stlth+}
 10202 | D:8      | Found a broken altar of Ashenzari.
 10314 | D:8      | Found Irrofusu's Weapon Shop.
 10488 | D:8      | Found an ancient bone altar of Kikubaaqudgha.
 10597 | D:9      | Noticed a cyclops
 10606 | D:9      | Killed a cyclops
 10607 | D:9      | Reached skill level 13 in Axes
 10703 | D:9      | Found a snail-covered altar of Cheibriados.
 10703 | D:9      | Noticed a torpor snail
 10704 | D:9      | Noticed a torpor snail
 10705 | D:9      | Noticed a torpor snail
 10776 | D:9      | Reached skill level 10 in Armour
 10859 | D:9      | Reached skill level 10 in Fighting
 11342 | D:9      | Found an opulent altar of Gozag.
 11345 | D:9      | Found a shimmering altar of Xom.
 11345 | D:9      | Found an opulent altar of Gozag.
 11347 | D:9      | Found a snail-covered altar of Cheibriados.
 11347 | D:9      | Found a burning altar of Makhleb.
 11347 | D:9      | Found a burning altar of Makhleb.
 11679 | D:9      | Found a radiant altar of Vehumet.
 12096 | D:10     | Entered Level 10 of the Dungeon
 12100 | D:10     | Paralysed by a hornet for 1 turns
 12104 | D:10     | Paralysed by a hornet for 2 turns
 12107 | D:10     | HP: 4/93 [hornet (13)]
 12108 | D:10     | Slain by a hornet

Illustrated notes

Levels and vault maps discovered:
D:1:      amcnicky_arrival_double_pillar, layout_loops_ring,
          chequers_ecumenical_altar_simple_redux, serial_shops, shop,
          nicolae_lakefront_shop, nicolae_lakefront_shop, shop, shop
D:2:      layout_rooms, minmay_misc_feat_five, minmay_snake_closets
D:3:      layout_loops_ring, nemelex_xobeh_ov_fountains_minmay,
          overflow_temple_1_default, kennysheep_minor_cross, uniq_ijyb
D:4:      layout_rooms
D:5:      layout_rooms, mainiacjoe_overflow_alcove_1, fedhas_ov_isle_minmay,
          nicolae_elyvilon_temple_path, portal_sewer_entry_a, uniq_menkaure
D:6:      layout_basic, old_standard_altar, minmay_temple_entry_water_ring,
          nicolae_elevator_lobby_asterisk, uniq_grinder
D:7:      layout_layer_cave, mainiacjoe_overflow_alcove_4,
          nicolae_qazlal_general_emergency,
          lightli_ossuary_entry_decrepit_ruins, nicolae_hexahallways
D:8:      layout_rooms, mainiacjoe_overflow_swirl,
          mainiacjoe_overflow_tiny_flanked, serial_shops, shop
D:9:      layout_long_grid, kennysheep_mini, cheibriados_altar_2,
          doesnt_xom_only_xom, minmay_between
D:10:     cheibrodos_iron_armory, layout_grid_maze, lair_entry_dummy
Temple:   nicolae_temple_superstar

Skill      XL: |  1  2  3  4  5  6  7  8  9 10 |
---------------+-------------------------------+-----
Axes           | 3 4 5 6 8 10 12 13 | 13.6
Armour         | 4 5 6 8 9 10 | 10.3
Fighting       | 4 5 6 7 9 10 | 10.3
Shields        | |  3.6

Action                   |  1- 3 |  4- 6 |  7- 9 | 10-12 || total
-------------------------+-------+-------+-------+-------++-------
Melee: War axe           |    77 |   135 |   301 |   106 ||   619
       Headbutt          |     6 |    15 |    49 |    19 ||    89
  Use: Potion            |       |     2 |     1 |     1 ||     4
       Scroll            |       |       |    16 |     7 ||    23
 Stab: Distracted        |       |       |     1 |     1 ||     2
Armor: Scale mail        |    29 |    56 |    94 |       ||   179
       Plate armour      |       |       |    56 |    61 ||   117
Dodge: Dodged            |    43 |    64 |   111 |    15 ||   233
Block: Buckler           |    18 |    30 |    52 |    12 ||   112
